 Dungeon Crawl Stone Soup version 0.23.0-42-geed6394480 (webtiles) character file.

Game seed: 11996540181051194752

20 Banto the Sneak (level 2, -1/17 HPs)
             Began as an Octopode Earth Elementalist on Mar 1, 2019.
             Killed from afar by a dart slug (5 damage)
             ... with a slug dart
             ... on level 2 of the Dungeon.
             The game lasted 00:00:47 (970 turns).

Banto the Sneak (Octopode Earth Elementalist)        Turns: 970, Time: 00:00:48

Health: -1/17      AC:  1    Str:  7    XL:     2   Next: 79%
Magic:  0/5        EV: 13    Int: 17    God:
Gold:   34         SH:  0    Dex: 12    Spells: 4/5 levels left

rFire    . . .     SeeInvis .   g - +0 dagger
rCold    . . .     Gourm    .   (no shield)
rNeg     . . .     Faith    .   (helmet restricted)
rPois    .         Spirit   .   (no amulet)
rElec    .         Reflect  .   (no ring)
rCorr    .         Harm     .   (no ring)
MR       .....                  (no ring)
Stlth    +++.......             (no ring)
HPRegen  0.05/turn              (no ring)
MPRegen  0.09/turn              (no ring)
                                (no ring)
                                (no ring)

@: very slightly contaminated
A: almost no armour, stealthy swim, amphibious, 8 rings, constrict 8, camouflage
1, gelatinous body 1
a: no special abilities


You were on level 2 of the Dungeon.
You were not hungry.

You visited 1 branch of the dungeon, and saw 2 of its levels.

You collected 34 gold pieces.

Inventory:

Hand Weapons
 g - a +0 dagger (weapon)
Missiles
 b - 60 stones (quivered)
Scrolls
 e - 2 scrolls of identify {unknown}
 f - a scroll of fear {unknown}
 j - a scroll of enchant armour {unknown}
Potions
 a - 2 potions of curing {unknown}
 d - a potion of mutation {unknown}
 h - 2 potions of heal wounds {unknown}
 i - 2 potions of berserk rage {unknown}
 k - a potion of lignification {unknown}
Comestibles
 c - 5 rations


   Skills:
 - Level 2.0 Dodging
 + Level 3.4 Stealth
 + Level 2.3 Spellcasting
   Level 1.0 Transmutations
 + Level 3.3 Earth Magic


You had 4 spell levels left.
You knew the following spells:

 Your Spells              Type           Power        Failure   Level  Hunger
a - Sandblast             Erth           ##....       4%          1    #......

Your spell library contained the following spells:

 Spells                   Type           Power        Failure   Level  Hunger
 Passwall                 Tmut/Erth      #.......     12%         2    ##.....
 Stone Arrow              Conj/Erth      #.....       28%         3    ###....
 Petrify                  Tmut/Erth      #.......     58%         4    #####..
 Lee's Rapid Deconstruct  Erth           ##........   78%         5    ######.


Dungeon Overview and Level Annotations

Branches:
Dungeon (2/15)

Altars:


Innate Abilities, Weirdness & Mutations

You cannot wear most types of armour.
You are very stealthy in the water. (Stealth+)
You are amphibious.
You can wear up to eight rings at the same time.
You can use your tentacles to constrict eight enemies at once.
Your skin changes colour to match your surroundings (Stealth+).
Your rubbery body absorbs attacks. (AC +1, EV +1)


Message History

Aiming: Sandblast (safe; 4% risk of failure)
Press: ? - help, Shift-Dir - straight line, f - goblin
Aim: a goblin You miscast Sandblast.
You are very lightly contaminated with residual magic.
Nothing appears to happen.
The goblin hits you.
* * * LOW HITPOINT WARNING * * *
Casting: Sandblast (safe; 4% risk of failure)
Confirm with . or Enter, or press ? or * to list all spells.
Aiming: Sandblast (safe; 4% risk of failure)
Press: ? - help, Shift-Dir - straight line, f/p - goblin
Aim: a goblin The blast of sand misses the goblin.
b - 60 stones The goblin closely misses you.
A dart slug comes into view.
The dart slug launches a dart at you. The slug dart hits you.
You die...

####......## .#.## ##.....#
#.... #... . ##.....## #..#
..#...#.. ..
.....#..)######..# #.#.....
#..
..#+#.....##.....####......
..> ###
#####.................#
#...
##.......##.....#.##....
###.....##.......#..#
#..g@.##.........#
###.......)......#.##
#...............<#..#
#................##.###
........................
.................######..
................#########.
......w.........# ##......
........................


You could see a dart slug and a goblin.

Vanquished Creatures
  A worm (D:2)
  A leopard gecko (D:1)
  A giant cockroach (D:2)
  A goblin (D:1)
  2 hobgoblins (D:1)
  3 bats (D:1)
  A frilled lizard (D:1)
  2 kobolds
  4 rats (D:1)
16 creatures vanquished.

Notes
Turn   | Place    | Note
-------+----------+-------------------------------------------
     0 | D:1      | Banto the Octopode Earth Elementalist began the quest for
                  | the Orb.
     0 | D:1      | Reached XP level 1. HP: 11/11 MP: 3/3
   476 | D:1      | Reached XP level 2. HP: 17/17 MP: 5/5
   970 | D:2      | Killed from afar by a dart slug

Skill      XL: |  1 |
---------------+----+-----
Stealth        | 3 |  3.4
Dodging        | |  2.0
Spellcasting   | |  2.3
Transmutations | |  1.0
Earth Magic    | |  3.3

Action                   || total
-------------------------++-------
Melee: Dagger            ||    21
       Unarmed           ||     3
       Constrict         ||     6
       Tentacles         ||     4
 Cast: Sandblast         ||     6
 Stab: Sleeping          ||     8
Armor: Skin              ||     1
Dodge: Dodged            ||    12
